 Dungeon Crawl Stone Soup version 0.18-b1-16-g289874d (webtiles) character file.

7927 Peloso the Blocker (level 11, -12/95 HPs)
             Began as a Minotaur Fighter on May 1, 2016.
             Was a High Priest of Okawaru.
             Mangled by a hill giant
             ... wielding a +0 giant spiked club
              (29 damage)
             ... on level 11 of the Dungeon.
             The game lasted 00:52:24 (8479 turns).

Peloso the Blocker (Minotaur Fighter)               Turns: 8479, Time: 00:52:25

Health: -12/95     AC: 15    Str: 22    XL:     11   Next: 3%
Magic:  19/19      EV: 14    Int:  7    God:    Okawaru [*****.]
Gold:   440        SH: 12    Dex: 12    Spells: 0 memorised, 10 levels left

rFire  + . .     SeeInvis .     M - +2 falchion (flame)
rCold  + . .     Gourm    .     D - +4 ring mail "Aciawkam" {rF+ rC+ MP+9 Int+2}
rNeg   . . .     Faith    .     c - +0 shield
rPois  .         Spirit   .     q - +1 hat
rElec  .         Dismiss  .     (no cloak)
rCorr  .         Reflect  .     (no gloves)
SustAt .         Harm     .     e - +2 pair of boots {Stlth+}
MR     +....                    (no amulet)
Stlth  ++........               C - ring of protection from magic
                                o - ring of flight

@: marked, somewhat resistant to hostile enchantments, unstealthy
A: retaliatory headbutt, horns 2
a: Heroism, Finesse, Renounce Religion, Evoke Flight


You were on level 11 of the Dungeon.
You worshipped Okawaru.
Okawaru was extremely pleased with you.
You were not hungry.

You visited 2 branches of the dungeon, and saw 12 of its levels.

You collected 440 gold pieces.

Inventory:

Hand Weapons
 a - a +1 long sword
 g - a +2 long sword of slicing
 F - the +4 shortbow of Eternal Vigilance {velocity, +Inv rC++ Stlth+, unknown}
   (You found it on level 7 of the Dungeon)

   Any arrow fired from it inflicts extra damage.
   It greatly protects you from cold.
   It lets you turn invisible.
   It makes you more stealthy.
 M - a +2 falchion of flaming (weapon)
Armour
 b - a +0 scale mail
 c - a +0 shield (worn)
 e - a +2 pair of boots of stealth (worn)
 q - a +1 hat (worn)
 w - a +1 chain mail of cold resistance
 D - the +4 ring mail "Aciawkam" (worn) {rF+ rC+ MP+9 Int+2}
   (You found it on level 7 of the Dungeon)

   It affects your intelligence (+2).
   It protects you from fire.
   It protects you from cold.
   It affects your magic capacity (+9).
 K - a cursed -1 plate armour
Jewellery
 o - a ring of flight (left hand)
 p - an uncursed ring of wizardry
 C - a ring of protection from magic (right hand)
Wands
 x - a wand of digging (8/24)
 E - a wand of flame (34/48)
 L - a wand of flame (21/48)
 O - a wand of disintegration (18/24)
 P - a wand of acid (6/15)
 R - a wand of iceblast (8/15)
Scrolls
 h - a scroll of recharging
 k - a scroll of magic mapping
 s - 2 scrolls of teleportation
 v - a scroll of fear
 y - 2 scrolls of immolation {unknown}
 z - 2 scrolls of fog {unknown}
 A - a scroll of enchant armour {unknown}
 H - 2 scrolls of identify
 I - 2 scrolls of remove curse {unknown}
 Q - a scroll of amnesia
Potions
 d - 3 potions of might
 i - a potion of berserk rage
 j - 3 potions of curing
 l - 2 potions of haste
 m - a potion of cancellation
 r - 4 potions of heal wounds
 B - a potion of flight
Books
 u - a book of Beasts

   Spells                             Type                      Level
   a - Summon Butterflies             Summoning                    1
   b - Call Canine Familiar           Summoning                    3
   c - Summon Ice Beast               Ice/Summoning                4
   d - Summon Mana Viper              Hexes/Summoning              5
   e - Summon Hydra                   Summoning                    7
Comestibles
 f - 6 bread rations
 n - 7 slices of pizza
 t - 5 meat rations
 G - a beef jerky
 J - 15 fruits
 N - a chunk of flesh


   Skills:
 + Level 8.3 Fighting
 + Level 9.5 Long Blades
 + Level 8.1 Armour
 + Level 9.1 Dodging
 + Level 3.1 Stealth
 + Level 10.7 Shields
 + Level 0.8 Invocations


You had 10 spell levels left.
You didn't know any spells.

Dungeon Overview and Level Annotations

Branches:
Dungeon (11/15)            Temple (1/1) D:4            Lair (0/8) D:8
    Orc: D:9-12

Altars:
Ashenzari
Cheibriados
Dithmenos
Fedhas
Gozag
Kikubaaqudgha
Makhleb
Okawaru
Pakellas
Qazlal
Ru
Sif Muna
Vehumet
Yredelemnul
Zin
The Shining One

Shops:
D:10 }


Innate Abilities, Weirdness & Mutations

You reflexively headbutt those who attack you in melee.
You have a pair of horns on your head.


Message History

Read which item? (? for menu, Esc to quit)
As you read the scroll of teleportation, it crumbles to dust.
You feel strangely unstable.
The giant frog hits you but does no damage.
The giant frog closely misses you.
Your surroundings seem slightly different.
A giant frog comes into view.
You hit the hill giant. You burn the hill giant. You headbutt the hill giant.
The hill giant is lightly wounded.
You block the hill giant's attack.
You hit the hill giant. You burn the hill giant.
The hill giant is lightly wounded.
You slash the hill giant! You burn the hill giant. You headbutt the hill giant!
The hill giant is heavily wounded.
You block the giant frog's attack. The hill giant closely misses you.
You hit the hill giant but do no damage.
The hill giant is heavily wounded.
You block the giant frog's attack. x2
The hill giant hits you with a giant spiked club!!
You die...

#########
........# #.#
#.# #.# #F# #
#C# #.###@#
##...#F###
......Y...#
#.......#.##
#......#[..##
#.#...#.....##
# #..#....<.(#
#..........#
##.#.......#


You could see a hill giant, a sky beast and 2 giant frogs.

Vanquished Creatures
  A hydra (D:8)
  Pikel (D:8)
  A hill giant (D:10)
  A cyclops (D:11)
  A centaur skeleton (D:10)
  A troll (D:9)
  9 yaks
  Eustachio (D:6)
  4 hippogriffs
  Edmund (D:5)
  3 orc warriors
  An ice beast (D:8)
  A slave (D:8)
  A black bear (D:10)
  An ogre (D:6)
  A phantom (D:7)
  A crocodile (D:10)
  3 centaurs
  3 big kobolds (D:8)
  2 giant frogs (D:6)
  3 scorpions
  8 wights
  A howler monkey (D:4)
  2 crimson imps
  A giant frog zombie (D:6)
  3 hounds
  2 jellies
  7 orc priests
  2 giant frog skeletons (D:9)
  11 orc wizards
  4 iguanas
  10 worker ants
  2 sheep (D:8)
  2 hound skeletons (D:5)
  A worker ant zombie (D:5)
  10 gnolls
  8 adders
  A shadow imp (D:9)
  An adder skeleton (D:5)
  3 worms
  2 dart slugs
  4 giant geckos
  44 orcs
  8 giant cockroaches
  15 goblins
  6 hobgoblins
  15 jackals
  4 quokkas
  2 ball pythons
  7 bats
  8 giant newts
  7 kobolds
  7 rats
  A spectral orc (D:5)
  A plant (D:1)
251 creatures vanquished.

Vanquished Creatures (others)
  A yak (D:8)
  A slave (D:8)
  An orc (D:8)
  6 fungi (D:8)
9 creatures vanquished.

Grand Total: 260 creatures vanquished

Notes
Turn   | Place    | Note
--------------------------------------------------------------
     0 | D:1      | Peloso the Minotaur Fighter began the quest for the Orb.
     0 | D:1      | Reached XP level 1. HP: 19/19 MP: 0/0
   181 | D:1      | Reached XP level 2. HP: 27/27 MP: 1/1
   392 | D:1      | Reached skill level 4 in Shields
   721 | D:1      | Reached XP level 3. HP: 29/33 MP: 2/2
   996 | D:2      | Reached skill level 1 in Dodging
  1037 | D:2      | Reached XP level 4. HP: 26/40 MP: 3/3
  1329 | D:2      | Found a faded altar to an unknown god.
  1535 | D:3      | Reached skill level 5 in Shields
  1535 | D:3      | Reached XP level 5. HP: 29/46 MP: 4/4
  2341 | D:4      | Reached XP level 6. HP: 35/55 MP: 5/5
  2682 | D:4      | Reached skill level 1 in Stealth
  2708 | D:4      | Found a shattered altar of Ashenzari.
  2807 | D:4      | Found a blossoming altar of Fedhas.
  2911 | D:4      | Reached skill level 5 in Fighting
  2982 | D:4      | Found a staircase to the Ecumenical Temple.
  3306 | Temple   | Entered the Ecumenical Temple
  3316 | Temple   | Became a worshipper of Warmaster Okawaru
  3368 | D:5      | Entered Level 5 of the Dungeon
  3437 | D:5      | Found an ancient bone altar of Kikubaaqudgha.
  3494 | D:5      | Noticed Edmund
  3520 | D:5      | Killed Edmund
  3520 | D:5      | Reached skill level 5 in Armour
  3520 | D:5      | Reached XP level 7. HP: 36/61 MP: 6/6
  3732 | D:5      | Found an oddly glowing altar of Pakellas.
  3854 | D:5      | Reached skill level 6 in Shields
  3895 | D:5      | Reached * piety under Okawaru
  4079 | D:5      | Found a basalt altar of Yredelemnul.
  4303 | D:6      | Noticed Eustachio
  4320 | D:6      | Killed Eustachio
  4320 | D:6      | Reached skill level 5 in Long Blades
  4454 | D:6      | Reached ** piety under Okawaru
  4454 | D:6      | Reached XP level 8. HP: 66/69 MP: 7/7
  4484 | D:6      | Found a sacrificial altar of Ru.
  4615 | D:6      | Reached skill level 7 in Shields
  4886 | D:7      | Got a smoking ring mail
  4897 | D:7      | Identified the +4 ring mail "Aciawkam" {rF+ rC+ MP+9 Int+2} (You found it on level 7 of the Dungeon)
  5364 | D:7      | Reached skill level 5 in Dodging
  5364 | D:7      | Reached skill level 8 in Shields
  5766 | D:7      | Got an ichor-stained shortbow
  5956 | D:8      | Found a staircase to the Lair.
  5995 | D:8      | Noticed a blizzard demon
  5996 | D:8      | Found a burning altar of Makhleb.
  5999 | D:8      | Found a glowing silver altar of Zin.
  5999 | D:8      | Noticed an angel
  6030 | D:8      | Found a glowing golden altar of the Shining One.
  6030 | D:8      | Found a deep blue altar of Sif Muna.
  6032 | D:8      | Found a snail-covered altar of Cheibriados.
  6109 | D:8      | Found an opulent altar of Gozag.
  6115 | D:8      | Reached XP level 9. HP: 78/78 MP: 8/8
  6121 | D:8      | Reached *** piety under Okawaru
  6226 | D:8      | Noticed Pikel
  6245 | D:8      | Killed Pikel
  6501 | D:8      | Reached **** piety under Okawaru
  6507 | D:8      | Reached skill level 9 in Shields
  6723 | D:8      | Reached XP level 10. HP: 63/86 MP: 9/9
  6842 | D:8      | Noticed a two-headed hydra
  6847 | D:8      | Killed a one-headed hydra
  7329 | D:9      | Reached ***** piety under Okawaru
  7757 | D:10     | Entered Level 10 of the Dungeon
  7965 | D:10     | Reached skill level 10 in Shields
  8119 | D:10     | Noticed a hill giant
  8134 | D:10     | Killed a hill giant
  8220 | D:10     | Received a gift from Okawaru
  8291 | D:10     | Found Zaciamonn's Gadget Shoppe.
  8453 | D:11     | Noticed a cyclops
  8453 | D:11     | Noticed a hill giant
  8463 | D:11     | Killed a cyclops
  8463 | D:11     | Reached XP level 11. HP: 20/95 MP: 10/10
  8479 | D:11     | Mangled by a hill giant

Skill      XL: |  1  2  3  4  5  6  7  8  9 10 |
---------------+-------------------------------+-----
Fighting       | 4 5 6 7 8 |  8.3
Shields        | 4 5 6 8 9 10 | 10.7
Dodging        | 1 2 3 4 5 7 9 |  9.1
Armour         | 4 5 6 7 8 |  8.1
Long Blades    | 3 4 5 6 8 9 |  9.5
Stealth        | 1 2 3 |  3.1
Invocations    | |  0.8

Action                   |  1- 3 |  4- 6 |  7- 9 | 10-12 || total
-------------------------+-------+-------+-------+-------++-------
Melee: Long sword        |   147 |   198 |   297 |       ||   642
       Headbutt          |    25 |    31 |    75 |    66 ||   197
       Falchion          |       |       |    18 |   219 ||   237
Invok: Heroism           |       |       |     1 |     1 ||     2
  Use: Scroll            |       |       |    12 |     4 ||    16
 Stab: Sleeping          |       |       |       |     3 ||     3
  Eat: Chunk             |     1 |     8 |     9 |     6 ||    24
       Pizza             |       |       |     1 |       ||     1
Armor: Scale mail        |    34 |    89 |       |       ||   123
       Chain mail        |       |       |    87 |       ||    87
       Ring mail         |       |       |    59 |    72 ||   131
Dodge: Dodged            |    56 |    74 |   121 |    91 ||   342
Block: Shield            |    63 |    99 |   174 |   123 ||   459
